 Dungeon Crawl Stone Soup version 0.30-a0-313-gae38170b09 (webtiles) character file.

Game seed: 234046556684662484

73 Elric the Slasher (level 4, -2/51 HPs)
             Began as a Demonspawn Gladiator on Oct 25, 2022.
             Killed by divine providence
             ... invoked by an orc priest
              (13 damage)
             ... on level 3 of the Dungeon on Oct 26, 2022.
             The game lasted 00:04:44 (1247 turns).

Elric the Slasher (Demonspawn Gladiator)            Turns: 1247, Time: 00:04:44

Health: -2/51      AC: 22    Str: 23    XL:     4   Next: 8%
Magic:  4/4        EV:  2    Int:  9    God:
Gold:   134        SH:  0    Dex: 14    Spells: 3/3 levels left

rFire   . . .      SeeInvis .    a - +0 long sword
rCold   . . .      Faith    .    (no shield)
rNeg    . . .      Spirit   .    (body armour currently unavailable)
rPois   +          Reflect  .    (helmet currently unavailable)
rElec   .          Harm     .    (cloak currently unavailable)
rCorr   .          Rampage  .    (gloves currently unavailable)
Will    .....      NoTele   +    (boots currently unavailable)
Stlth   +.........               (no amulet)
HPRegen 0.28/turn                p - +6 ring of strength
MPRegen 0.09/turn                (no ring)

@: tree-form
A: stationary, stasis, torment immunity, boosted hp, (antennae 1), powered by
pain 2
a: no special abilities


You were on level 3 of the Dungeon.
You were a tree.
You visited 1 branch of the dungeon, and saw 3 of its levels.

You collected 134 gold pieces.

Inventory:

Hand Weapons
 a - a +0 long sword (weapon)
Missiles
 d - 3 throwing nets (quivered)
 e - a javelin
Armour
 b - a +0 leather armour
 c - a +0 helmet
 m - a +0 cloak (melded)
 s - a +0 leather armour of poison resistance (melded)
Jewellery
 p - a +6 ring of strength (left branch)
Scrolls
 f - 2 scrolls of magic mapping {unknown}
 g - 4 scrolls of enchant armour {unknown}
 i - a scroll of immolation {unknown}
 j - 4 scrolls of identify {unknown}
 k - a scroll of silence {unknown}
 l - 2 scrolls of amnesia {unknown}
 o - a scroll of vulnerability {unknown}
 q - 3 scrolls of enchant weapon {unknown}
 r - a scroll of teleportation {unknown}
Potions
 h - 2 potions of attraction {unknown}
 n - a potion of lignification
 t - a potion of invisibility {unknown}
 u - a potion of ambrosia {unknown}
 v - a potion of heal wounds {unknown}


   Skills:
 - Level 2.4 Fighting
 + Level 3.9 Long Blades
 - Level 2.1 Throwing
 - Level 3.0 Dodging


You had 3 spell levels left.
You didn't know any spells.
Your spell library contained the following spells:

 Spells                   Type           Power      Damage    Failure   Level
 Sting                    Tmut/Pois      0%         1d3       38%         1
 Poisonous Vapours        Pois/Air       0%         N/A       52%         2
 Gell's Gravitas          Tloc           0%         N/A       77%         3
 Lesser Beckoning         Tloc           0%         N/A       77%         3
 Teleport Other           Tloc           0%         N/A       77%         3
 Olgreb's Toxic Radiance  Pois           0%         N/A       99%         4


Dungeon Overview and Level Annotations

Branches:
Dungeon (3/15)

Altars:


Innate Abilities, Weirdness & Mutations

You are a tree.
Your roots penetrate the ground, keeping you stationary.
You cannot be teleported.
You are immune to unholy pain and torment.
Your maximum health is greatly increased.
Your equipment is partially melded.
((You have a pair of small antennae on your head.))
You sometimes gain power by taking damage.


Message History

You hear a shout!
An orc priest is nearby!
An orc comes into view. It is wielding a +0 flail.
The orc shouts!
You hear a shout!
An orc comes into view. It is wielding a +0 club.
Sorry, you're not good enough to have a special ability.
You feel stronger.
p - a +6 ring of strength (left hand)
You start putting on your armour.
You continue putting on your +0 cloak. x3
The orc hits you with a +0 falchion.
You continue putting on your +0 cloak.
The orc barely misses you.
You finish putting on your +0 cloak.
The orc barely misses you. The orc barely misses you.
The orc barely misses you.
You barely miss the orc. You punch the orc.
The orc is moderately wounded.
The orc hits you with a +0 falchion.
You hit the orc.
The orc is almost dead.
The orc barely misses you.
The orc priest mumbles some strange prayers to Beogh against you.
Beogh smites you!
* * * LOW HITPOINT WARNING * * *
The orc hits you with a +0 falchion.
* * * LOW HITPOINT WARNING * * *
It was a potion of lignification.
You turn into a tree.
Your +0 cloak melds into your body.
Your +0 leather armour of poison resistance melds into your body.
You no longer feel resistant to poison.
Your roots penetrate the ground.
The orc hits you but does no damage. The orc hits you but does no damage.
The orc hits you but does no damage. The orc hits you but does no damage.
The orc hits you but does no damage. The orc hits you but does no damage.
The orc priest invokes the aid of Beogh against you.
Beogh smites you!
You die...

######### #........
################.#######
........................
################.########
# #.# .. # #.# #.. # #♣#
.'
################o##.##..o
.......>.......ooo..o.o..
........##.###......###..
.#......# #.#.#..#
.#.###..# ...#......
.#...#).#####..########
.###.#.....###
.......###+##


You could see an orc priest and 3 orcs.

Vanquished Creatures
  2 adders (D:3)
  8 orcs (D:3)
  7 bats
  3 endoplasms
  2 giant cockroaches (D:1)
  4 goblins
  4 jackals (D:3)
  3 kobolds
  2 quokkas
  5 ball pythons
  3 frilled lizards (D:1)
43 creatures vanquished.

Notes
Turn   | Place    | Note
-------+----------+-------------------------------------------
     0 | D:1      | Elric the Demonspawn Gladiator began the quest for the Orb.
     0 | D:1      | Reached XP level 1. HP: 16/16 MP: 1/1
   106 | D:1      | Gained mutation: You sometimes gain a little power by
                  | taking damage. [demonic ancestry]
   106 | D:1      | Reached XP level 2. HP: 22/22 MP: 2/2
   864 | D:3      | Gained mutation: You sometimes gain power by taking damage.
                  | [demonic ancestry]
   864 | D:3      | Reached XP level 3. HP: 24/28 MP: 3/3
   909 | D:2      | Upgraded the game from 0.30-a0-311-gf115ab0292 to
                  | 0.30-a0-313-gae38170b09
  1035 | D:3      | Gained mutation: You have a pair of small antennae on your
                  | head. [demonic ancestry]
  1035 | D:3      | Reached XP level 4. HP: 29/34 MP: 4/4
  1247 | D:3      | Killed from afar by an orc priest

Illustrated notes

Levels and vault maps discovered:
D:1:      wander_arrival_abandoned_jail, layout_rooms
D:2:      layout_rooms, basic_altar, minmay_pentomino_x2
D:3:      layout_basic, mainiacjoe_overflow_alcove_3

Skill      XL: |  1  2 |
---------------+-------+-----
Throwing       | 2 |  2.1
Long Blades    | 3 |  3.9
Dodging        | 3 |  3.0
Fighting       | |  2.4

Action                   |  1- 3 |  4- 6 || total
-------------------------+-------+-------++-------
Melee: Long sword        |   114 |    13 ||   127
       Punch             |     1 |     1 ||     2
  Use: Potion            |       |     1 ||     1
Armor: Leather armour    |    54 |     2 ||    56
       Skin              |       |     6 ||     6
Dodge: Dodged            |   102 |    14 ||   116

Table legend: (Time is in decaauts)
 A = Elapsed time spent in this place.
 B = Non-inter-level travel time spent in this place.
 C = Inter-level travel time spent in this place.
 D = Time resting spent in this place.
 E = Time spent auto-exploring this place.
 F = Levels seen in this place.
 G = Mean time per level.
                   A        B        C        D        E       F      G
               +--------+--------+--------+--------+--------+-----+--------+
         Total |   1276 |   1208 |     68 |      0 |    877 |   3 |  425.3 |
       Dungeon |   1276 |   1208 |     68 |      0 |    877 |   3 |  425.3 |
               +--------+--------+--------+--------+--------+-----+--------+

Top non-repeatable levels by time:
     D:1: 521 daAuts
     D:3: 392 daAuts
     D:2: 362 daAuts
